 Dungeon Crawl Stone Soup version 0.21-a0-1-gaf3b9a5 (webtiles) character file.

240970 Jawreze the Impaler (level 19, -4/157 HPs)
             Began as a Merfolk Gladiator on May 18, 2017.
             Was a High Priest of Nemelex Xobeh.
             Killed by drain life
             ... invoked by a soul eater
             ... summoned by the player character
              (9 damage)
             ... on level 1 of the Vaults on May 20, 2017.
             The game lasted 04:09:57 (52758 turns).

Jawreze the Impaler (Merfolk Gladiator)            Turns: 52758, Time: 04:09:57

Health: -4/157     AC: 17    Str: 20    XL:     19   Next: 34%
Magic:  0/40       EV: 23    Int: 18    God:    Nemelex Xobeh [*****.]
Gold:   2417       SH: 15    Dex: 19    Spells: 21/32 levels left

rFire    + . .     SeeInvis .   V - +7 Screaming Sword
rCold    . . .     Gourm    +   R - +2 shield
rNeg     . . .     Faith    .   o - +1 swamp dragon scales
rPois    +         Spirit   +   N - +3 hat of Pondering {ponderous, MR+ MP+10 Int+5}
rElec    .         Reflect  .   M - scarf {Spirit}
rCorr    .         Harm     .   y - +2 pair of gloves {Dex+3}
MR       ++...                  K - +0 pair of boots {Stlth+}
Stlth    ++........             i - amulet of the gourmand
Regen    0.4/turn               B - ring of protection from fire
MPRegen  0.3/turn               U - +4 ring of strength

@: about to teleport, slowed, very slow
A: change form in water, swift swim, stealthy swim
}: 2/15 runes: decaying, serpentine
a: Triple Draw, Deal Four, Stack Five, Renounce Religion


You were on level 1 of the Vaults.
You worshipped Nemelex Xobeh.
Nemelex Xobeh was extremely pleased with you.
You were very full.

You visited 7 branches of the dungeon, and saw 33 of its levels.

You collected 3098 gold pieces.
You spent 681 gold pieces at shops.

Inventory:

Hand Weapons
 c - a +1 trident of freezing
 E - a +2 halberd of flaming
 V - the +7 Screaming Sword (weapon)
   (You found it on level 4 of the Swamp)
Armour
 o - +1 swamp dragon scales (worn)
 y - a +2 pair of gloves of dexterity (worn)
 H - a +1 buckler of fire resistance
 K - a +0 pair of boots of stealth (worn)
 M - a scarf of spirit shield (worn)
 N - the +3 hat of Pondering (worn) {ponderous, MR+ MP+10 Int+5}
   (You took it off Gastronok on level 9 of the Dungeon)

   It affects your intelligence (+5).
   It affects your resistance to hostile enchantments.
   It affects your magic capacity (+10).
 P - the +2 pair of gloves of Qazlal's Approval {rN+}
   (You found it on level 3 of the Snake Pit)

   It protects you from negative energy.
 R - a +2 shield (worn)
Jewellery
 i - an amulet of the gourmand (around neck)
 B - a ring of protection from fire (left hand)
 O - an uncursed ring of poison resistance
 T - an uncursed ring of protection from fire
 U - a +4 ring of strength (right hand)
Scrolls
 a - 3 scrolls of brand weapon
 j - a scroll of silence {unknown}
 k - 4 scrolls of amnesia
 s - 7 scrolls of teleportation
 v - 4 scrolls of enchant weapon
 C - 8 scrolls of remove curse
 I - 3 scrolls of identify
Potions
 e - 4 potions of brilliance
 l - 7 potions of flight
 n - 7 potions of lignification
 q - a potion of ambrosia {unknown}
 x - 3 potions of curing
 A - a potion of magic
 D - 3 potions of haste
 S - 2 potions of cancellation {unknown}
 X - a potion of experience {unknown}
Books
 p - Istraweo's Handbook of the Rocks
   (You found it on level 12 of the Dungeon)

   Spells                             Type                      Level
   a - Stone Arrow                    Conjuration/Earth            3
   b - Statue Form                    Transmutation/Earth          6
   c - Shatter                        Earth                        9
 r - a book of Alchemy

   Spells                             Type                      Level
   a - Sublimation of Blood           Necromancy                   2
   b - Ignite Poison                  Fire/Transmutation/Poison    3
   c - Petrify                        Transmutation/Earth          4
   d - Alistair's Intoxication        Transmutation/Poison         5
   e - Irradiate                      Conjuration/Transmutation    5
 w - a book of Misfortune

   Spells                             Type                      Level
   a - Confusing Touch                Hexes                        1
   b - Confuse                        Hexes                        3
   c - Gell's Gravitas                Translocation                3
   d - Petrify                        Transmutation/Earth          4
   e - Metabolic Englaciation         Hexes/Ice                    5
   f - Yara's Violent Unravelling     Hexes/Transmutation          5
 G - a book of Necromancy

   Spells                             Type                      Level
   a - Pain                           Necromancy                   1
   b - Animate Skeleton               Necromancy                   1
   c - Vampiric Draining              Necromancy                   3
   d - Regeneration                   Charms/Necromancy            3
   e - Animate Dead                   Necromancy                   4
   f - Control Undead                 Necromancy                   4
 Y - a book of Debilitation

   Spells                             Type                      Level
   a - Corona                         Hexes                        1
   b - Slow                           Hexes                        2
   c - Inner Flame                    Hexes/Fire                   3
   d - Portal Projectile              Hexes/Translocation          3
   e - Cause Fear                     Hexes                        4
   f - Leda's Liquefaction            Hexes/Earth                  4
Miscellaneous
 b - an ornate deck of summoning {drawn: 9}
 d - an ornate deck of summoning
 m - an ornate deck of escape
 F - a plain deck of escape {drawn: 5}
 J - a legendary deck of escape {drawn: 1}
 L - an ornate deck of escape
 Q - a plain deck of escape
 W - an ornate deck of summoning
 Z - an ornate deck of escape
Comestibles
 f - 19 bread rations
 g - 7 meat rations
 u - 9 royal jellies
 z - 26 fruits


   Skills:
 - Level 16.1 Fighting
 + Level 15.8 Long Blades
 - Level 16.1 Polearms
 - Level 2.1 Throwing
 - Level 6.0 Armour
 - Level 15.7 Dodging
 + Level 12.4 Shields
 - Level 7.3 Spellcasting
 - Level 8.0 Hexes
 * Level 9.2 Transmutations
 - Level 11.0 Invocations


You had 21 spell levels left.
You knew the following spells:

 Your Spells              Type           Power        Failure   Level  Hunger
a - Tukima's Dance        Hex            #####...     2%          3    #......
b - Confuse               Hex            #####...     2%          3    #......
c - Yara's Violent Unrav  Hex/Tmut       #####.....   19%         5    #####..


Dungeon Overview and Level Annotations

Branches:
Dungeon (15/15)            Temple (1/1) D:5            Lair (6/6) D:8
  Swamp (4/4) Lair:3        Snake (4/4) Lair:4        Slime (0/5) Lair:6
    Orc (2/2) D:10            Elf (0/3) Orc:2        Vaults (1/5) D:14
 Depths (0/5) D:15

Altars:
Ashenzari
Cheibriados
Dithmenos
Elyvilon
Fedhas
Gozag
Hepliaklqana
Kikubaaqudgha
Makhleb
Nemelex Xobeh
Okawaru
Qazlal
Ru
Sif Muna
Trog
Uskayaw
Vehumet
Xom
Yredelemnul
Zin
The Shining One
Beogh
Jiyva

Shops:
D:7 %   D:8 **   Orc:1 (   Orc:2 =([*

Annotations:
D:3 2 transporters
Lair:1 exclusion: oklob plant


Message History

The soul eater is healed.
The two-headed ogre hits your sun demon with a dire flail!
The two-headed ogre closely misses your sun demon.
Your sun demon is engulfed in acidic fog.
Your sun demon is splashed with acid.
The acid corrodes your sun demon!
Your sun demon hits the soul eater.
The soul eater is engulfed in flames!
The hornet stings you.
* * * LOW HITPOINT WARNING * * *
You feel yourself slow down.
As you read the scroll of teleportation, it crumbles to dust.
You feel strangely unstable. The soul eater hits your sun demon.
You block the hornet's attack.
Your sun demon is engulfed in acidic fog.
Your sun demon is splashed with acid.
The acid corrodes your sun demon!
Your sun demon hits the soul eater but does no damage.
The two-headed ogre hits your sun demon with a dire flail!
Your sun demon dies!
The soul eater draws from the surrounding life force!
You die...
Your body glows with a rainbow of weird colours and disappears.

#######.# ###
##.#...p.#
....
##OOc..p#
....
##§§§#.....#
....
##...)#.#...#
....
#§pO..#..
.... ....
#3§OO#####
#.# ####
#.Ry## C
#.@## #.## ##


You could see a soul eater, a centaur warrior, 4 two-headed ogres, a vault
sentinel, a hornet, an ogre and a friendly rakshasa.

Vanquished Creatures
  A shadow dragon (Snake:2)
  A thorn hunter (Swamp:4)
  7 nagarajas (Snake:4)
  A vault warden (Vaults:1)
  An ironheart preserver (Vaults:1)
  An emperor scorpion (Swamp:4)
  Snorg (D:13)
  An ettin (Vaults:1)
  A fire dragon (D:15)
  A great orb of eyes (D:15)
  22 naga warriors
  25 hydras
  A ghost crab (Swamp:4)
  5 anacondas
  Erica (D:11)
  3 catoblepae
  A death knight (D:13)
  7 alligators
  2 dancing weapons (D:14)
  2 centaur warriors (D:13)
  9 two-headed ogres
  2 death yaks (Lair:6)
  3 ogre magi
  A shock serpent (Snake:4)
  2 tengu warriors (D:15)
  Nergalle (Orc:1)
  16 naga sharpshooters
  5 orc high priests (Orc:2)
  The ghost of Jawreze the Impaler, a novice MfGl of Nemelex Xobeh (Lair:1)
  Sonja (D:10)
  2 skeletal warriors
  2 salamander mystics
  3 spriggan druids
  4 unseen horrors
  4 naga ritualists
  A necromancer (Vaults:1)
  11 swamp dragons
  3 orc knights (Orc:2)
  A shambling mangrove (Swamp:2)
  An ironbrand convoker (Vaults:1)
  Pikel (D:8)
  2 orc sorcerers (Orc:2)
  9 mana vipers
  2 ugly things
  14 salamanders
  A faun (Lair:5)
  7 cyclopes
  2 manticores
  Joseph (D:8)
  5 elephants (Lair:6)
  38 black mambas
  4 guardian serpents
  32 naga magi
  A vault sentinel (Vaults:1)
  A gargoyle (D:15)
  A kobold demonologist (D:8)
  2 rime drakes
  20 spiny frogs
  A yaktaur (shapeshifter) (D:15)
  2 freezing wraiths (D:13)
  8 komodo dragons
  An ice devil (Lair:4)
  6 trolls
  2 tengu conjurers (D:14)
  A merfolk (shapeshifter) (D:15)
  8 tyrant leeches
  3 polar bears
  3 meliai (D:15)
  16 hornets
  16 slime creatures
  24 blink frogs
  A dream sheep (Lair:6)
  10 bog bodies
  A wolf spider simulacrum (D:14)
  11 hippogriffs
  A human simulacrum (Vaults:1)
  A meliai zombie (D:15)
  13 spriggans
  4 shadows
  2 wyverns
  4 wraiths
  A tarantella (Snake:2)
  A vampire (D:13)
  28 yaks
  Grum (D:8)
  6 basilisks
  3 hungry ghosts (D:15)
  9 vampire mosquitoes
  A warg (Orc:1)
  4 acid dragons
  19 swamp worms
  58 nagas
  4 insubstantial wisps (Swamp:1)
  16 water moccasins
  14 swamp drakes
  3 porcupines
  8 black bears
  4 sky beasts
  7 ice beasts
  8 phantoms
  3 boggarts (Lair:6)
  A necrophage (D:8)
  22 orc warriors
  6 centaurs
  4 slaves (D:8)
  50 wolves
  14 ogres
  11 crocodiles
  A human skeleton (Vaults:1)
  16 bullfrogs
  12 big kobolds
  7 earth elementals (D:12)
  3 wyvern skeletons
  4 scorpions
  8 killer bees
  3 wights (D:7)
  6 howler monkeys
  4 jellies
  3 vampire bats (D:5)
  2 bullfrog zombies
  4 crimson imps
  9 hounds
  2 quasits
  3 centaur zombies
  Crazy Yiuf (D:6)
  14 orc priests
  20 orc wizards
  A gnoll shaman (D:7)
  A bullfrog skeleton (D:9)
  4 centaur skeletons
  3 iguanas
  11 worker ants
  A hound skeleton (D:9)
  A worker ant zombie (D:8)
  3 gnolls (D:7)
  A river rat (Orc:2)
  8 adders
  4 shadow imps
  3 oozes (Lair:6)
  An adder skeleton (D:7)
  2 worms (D:3)
  5 dart slugs
  6 leopard geckos
  72 orcs
  3 bat skeletons (D:5)
  3 bat zombies (D:5)
  12 giant cockroaches
  2 goblins
  5 hobgoblins
  12 jackals
  6 quokkas
  4 ball pythons
  6 bats
  2 frilled lizards
  27 kobolds
  8 rats
  A fungus (Lair:3)
  A plant (Lair:6)
1087 creatures vanquished.

Vanquished Creatures (collateral kills)
  Gastronok (D:9)
  4 nagarajas
  An orc warlord (Orc:2)
  Nessos (D:15)
  A vault guard (Vaults:1)
  Josephine (D:10)
  A naga warrior (Snake:1)
  A catoblepas (Lair:3)
  A hydra (Swamp:4)
  5 alligators
  An anaconda (Snake:2)
  A tengu warrior (D:14)
  A naga sharpshooter (Snake:4)
  10 death yaks (Lair:6)
  Urug (Lair:3)
  3 shock serpents
  3 swamp dragons (Swamp:4)
  A naga ritualist (Snake:2)
  A phantasmal warrior (D:13)
  An oklob plant (Swamp:3)
  A mana viper (Snake:2)
  A cyclops (D:15)
  3 salamanders (Snake:2)
  3 black mambas (Snake:2)
  Maurice (D:8)
  2 guardian serpents
  2 naga magi (Snake:2)
  2 spiny frogs (Swamp:4)
  An ice devil (Lair:4)
  A troll (D:15)
  The ghost of Mesmaeker13 the Conjurer, a novice DECj (D:5)
  A polar bear (Lair:6)
  Grinder (D:6)
  A tyrant leech (Swamp:3)
  A hornet (Swamp:3)
  2 bog bodies (Swamp:4)
  Prince Ribbit (D:7)
  3 spriggans (Lair:6)
  3 wraiths (D:10)
  16 yaks
  A warg (Orc:2)
  6 nagas
  An insubstantial wisp (Swamp:1)
  3 swamp worms
  A swamp drake (Swamp:4)
  A water moccasin (Lair:6)
  2 orc warriors (Orc:2)
  A black bear (Lair:6)
  2 wolves (Lair:6)
  2 boggarts (Lair:6)
  2 crocodiles
  A wyvern skeleton (D:14)
  4 killer bees
  A crimson imp (D:14)
  A hound zombie (D:6)
  2 adders (D:8)
  A worm (D:6)
  A bush (Lair:3)
  2 fungi
122 creatures vanquished.

Vanquished Creatures (others)
  A naga mage (Snake:4)
  A spiny frog (Swamp:3)
  A bog body (Swamp:4)
  A vampire mosquito (Swamp:3)
  A naga (Snake:4)
  A swamp drake (Swamp:4)
  2 ball lightnings
  A briar patch (Swamp:4)
  30 fungi
  13 plants
52 creatures vanquished.

Grand Total: 1261 creatures vanquished

Notes
Turn   | Place    | Note
-------+----------+-------------------------------------------
     0 | D:1      | Jawreze the Merfolk Gladiator began the quest for the Orb.
     0 | D:1      | Reached XP level 1. HP: 16/16 MP: 1/1
   143 | D:1      | Reached XP level 2. HP: 16/22 MP: 2/2
   536 | D:2      | Reached skill level 5 in Polearms
   536 | D:2      | Reached XP level 3. HP: 13/28 MP: 3/3
  1146 | D:3      | Found a radiant altar of Vehumet.
  1217 | D:3      | Noticed an ogre
  1218 | D:3      | Found a bloodstained altar of Trog.
  1565 | D:3      | Found a faded altar of an unknown god.
  1645 | D:3      | Reached XP level 4. HP: 22/34 MP: 4/4
  2270 | D:3      | Reached XP level 5. HP: 4/39 MP: 5/5
  2618 | D:4      | Reached XP level 6. HP: 37/46 MP: 6/6
  2903 | D:4      | Found a basalt altar of Yredelemnul.
  3229 | D:4      | Reached skill level 10 in Polearms
  3229 | D:4      | Reached XP level 7. HP: 36/51 MP: 7/7
  3458 | D:5      | Entered Level 5 of the Dungeon
  3908 | D:5      | Found a staircase to the Ecumenical Temple.
  3923 | Temple   | Entered the Ecumenical Temple
  3939 | Temple   | Became a worshipper of Nemelex Xobeh the Trickster
  4508 | D:5      | Reached skill level 1 in Invocations
  4856 | D:5      | Reached XP level 8. HP: 55/57 MP: 9/9
  4894 | D:5      | Received a gift from Nemelex Xobeh
  4931 | D:5      | Noticed Mesmaeker13's ghost (novice DECj)
  4946 | D:5      | Killed Mesmaeker13's ghost
  5177 | D:5      | Found an ancient bone altar of Kikubaaqudgha.
  5430 | D:6      | Reached * piety under Nemelex Xobeh
  5445 | D:6      | Found a runed door.
  5506 | D:6      | Reached skill level 5 in Invocations
  5557 | D:6      | Noticed Grinder
  5565 | D:6      | Killed Grinder
  5637 | D:6      | Found an opulent altar of Gozag.
  5875 | D:6      | Reached XP level 9. HP: 52/62 MP: 13/13
  6555 | D:6      | Noticed Crazy Yiuf
  6559 | D:6      | Killed Crazy Yiuf
  6849 | D:7      | Found a shimmering altar of Xom.
  6994 | D:7      | Reached ** piety under Nemelex Xobeh
  7154 | D:7      | Noticed Prince Ribbit
  7203 | D:7      | Killed Prince Ribbit
  7743 | D:7      | Found Tolop's Food Shop.
  7743 | D:7      | Received a gift from Nemelex Xobeh
  7912 | D:7      | Found a glowing golden altar of the Shining One.
  8443 | D:8      | Reached skill level 15 in Polearms
  8445 | D:8      | Reached XP level 10. HP: 63/68 MP: 16/16
  8498 | D:8      | Noticed a kobold demonologist
  8501 | D:8      | Killed a kobold demonologist
  8539 | D:8      | Found Leck's Serpentskin Sales.
  8546 | D:8      | Bought a +0 ring mail of poison resistance for 88 gold pieces
  8645 | D:8      | Noticed Pikel
  8677 | D:8      | Found Viaca's Assorted Antiques.
  8682 | D:8      | Killed Pikel
  8719 | D:8      | Noticed a two-headed ogre
  8734 | D:8      | Killed a two-headed ogre
  8734 | D:8      | Reached skill level 10 in Invocations
  8784 | D:8      | Reached skill level 5 in Dodging
  8841 | D:8      | Received a gift from Nemelex Xobeh
  8857 | D:8      | Noticed Joseph
  8877 | D:8      | Killed Joseph
  9137 | D:8      | Noticed Grum
  9285 | D:8      | Killed Grum
  9346 | D:8      | Found a staircase to the Lair.
  9374 | D:8      | Found a shadowy altar of Dithmenos.
  9375 | D:8      | Noticed Maurice
  9388 | D:8      | Reached skill level 5 in Fighting
  9397 | D:8      | Killed Maurice
  9397 | D:8      | Reached XP level 11. HP: 65/80 MP: 18/18
  9841 | D:9      | Noticed Gastronok
  9854 | D:9      | Killed Gastronok
 10036 | D:9      | Reached *** piety under Nemelex Xobeh
 10960 | D:10     | Entered Level 10 of the Dungeon
 10960 | D:10     | Found a bloodstained altar of Trog.
 10960 | D:10     | Received a gift from Nemelex Xobeh
 11110 | D:10     | Noticed Sonja
 11296 | D:10     | Killed Sonja
 11301 | D:10     | Noticed Josephine
 11306 | D:10     | Killed Josephine
 11338 | D:10     | Reached skill level 10 in Dodging
 11444 | D:10     | Killed an unseen horror
 11564 | D:10     | Found a staircase to the Orcish Mines.
 11574 | D:10     | Found a roughly hewn altar of Beogh.
 11665 | D:10     | Killed an unseen horror
 11829 | D:10     | Reached XP level 12. HP: 57/95 MP: 19/19
 12591 | Lair:1   | Entered Level 1 of the Lair of Beasts
 12591 | Lair:1   | Received a gift from Nemelex Xobeh
 12595 | Lair:1   | Noticed Jawreze's ghost (novice MfGl)
 12603 | Lair:1   | Killed Jawreze's ghost
 12633 | Lair:1   | Reached **** piety under Nemelex Xobeh
 12709 | Lair:1   | Reached skill level 10 in Fighting
 12873 | Lair:1   | Noticed a five-headed hydra
 12881 | Lair:1   | Killed a one-headed hydra
 13271 | Lair:1   | Received a gift from Nemelex Xobeh
 13458 | Lair:1   | Received a gift from Nemelex Xobeh
 14455 | Lair:2   | Noticed a seven-headed hydra
 14473 | Lair:2   | Killed a one-headed hydra
 14856 | Lair:2   | Noticed a six-headed hydra
 14868 | Lair:2   | Killed a three-headed hydra
 15174 | Lair:2   | Noticed a four-headed hydra
 15178 | Lair:2   | Killed a one-headed hydra
 15178 | Lair:2   | Reached XP level 13. HP: 86/108 MP: 20/20
 15916 | Lair:3   | Received a gift from Nemelex Xobeh
 16033 | Lair:3   | Noticed Urug
 16048 | Lair:3   | Killed Urug
 16346 | Lair:3   | Found a staircase to the Swamp.
 16362 | Lair:3   | Received a gift from Nemelex Xobeh
 16911 | Lair:4   | Found a staircase to the Snake Pit.
 16913 | Lair:4   | Reached skill level 15 in Dodging
 16978 | Lair:4   | Received a gift from Nemelex Xobeh
 17190 | Lair:4   | Received a gift from Nemelex Xobeh
 17218 | Lair:4   | Reached ***** piety under Nemelex Xobeh
 17322 | Lair:4   | Reached skill level 1 in Armour
 17558 | Lair:4   | Found a frozen archway.
 18829 | Lair:5   | Received a gift from Nemelex Xobeh
 18834 | Lair:5   | Learned a level 3 spell: Tukima's Dance
 18895 | Lair:5   | Reached skill level 1 in Hexes
 19286 | Lair:5   | Reached XP level 14. HP: 73/119 MP: 22/22
 19683 | Lair:5   | Got a wizard robe
 19694 | Lair:5   | Identified the cursed +1 robe of the Lair of Beasts {rC- Str+5 Int+6} (You found it on level 5 of the Lair of Beasts)
 19810 | Lair:5   | Received a gift from Nemelex Xobeh
 20075 | Lair:6   | Entered Level 6 of the Lair of Beasts
 21182 | Lair:6   | Received a gift from Nemelex Xobeh
 21568 | Lair:6   | Reached skill level 5 in Armour
 21959 | Lair:6   | Reached skill level 5 in Hexes
 22355 | Lair:6   | Received a gift from Nemelex Xobeh
 22927 | Lair:6   | Found a radiant altar of Vehumet.
 22961 | Lair:6   | Received a gift from Nemelex Xobeh
 23102 | Lair:6   | Found a runed door.
 23102 | Lair:6   | Found a viscous altar of Jiyva.
 23103 | Lair:6   | Found a staircase to the Slime Pits.
 23377 | Lair:5   | Learned a level 3 spell: Confuse
 23383 | Lair:5   | Learned a level 5 spell: Yara's Violent Unravelling
 23505 | Orc:1    | Entered Level 1 of the Orcish Mines
 23505 | Orc:1    | Found Teil's Antique Weapon Emporium.
 23602 | Orc:1    | Noticed Nergalle
 23610 | Orc:1    | Killed Nergalle
 23610 | Orc:1    | Reached skill level 1 in Spellcasting
 23751 | Orc:2    | Entered Level 2 of the Orcish Mines
 23786 | Orc:2    | Reached XP level 15. HP: 58/127 MP: 23/23
 23902 | Orc:2    | Reached skill level 15 in Fighting
 24167 | Orc:2    | Found Hutuock's General Store.
 24394 | Orc:2    | Found Sioragh's Antique Armour Emporium.
 24402 | Orc:2    | Received a gift from Nemelex Xobeh
 24404 | Orc:2    | Bought a runed scarf for 216 gold pieces
 24608 | Orc:2    | Paralysed by an orc sorcerer for 4 turns
 24655 | Orc:2    | Noticed an orc warlord
 24692 | Orc:2    | Killed an orc warlord
 25211 | Orc:2    | Bought a pair of glowing boots for 202 gold pieces
 25318 | Orc:2    | Found Pyasy's Jewellery Emporium.
 25362 | Orc:2    | Found Plog's Antique Weapon Shop.
 25410 | Orc:2    | Bought a runed trident for 175 gold pieces
 25426 | Orc:2    | Found a staircase to the Elven Halls.
 25807 | Swamp:1  | Entered Level 1 of the Swamp
 26045 | Swamp:1  | Received a gift from Nemelex Xobeh
 26057 | Swamp:1  | Reached skill level 5 in Spellcasting
 26112 | Swamp:1  | Reached ****** piety under Nemelex Xobeh
 26271 | Swamp:1  | Received a gift from Nemelex Xobeh
 27381 | Swamp:2  | Received a gift from Nemelex Xobeh
 27877 | Swamp:2  | Paralysed by a hornet for 1 turns
 28376 | Swamp:3  | Received a gift from Nemelex Xobeh
 28946 | Swamp:3  | Reached skill level 1 in Shields
 29595 | Swamp:3  | Identified the +3 mace "Juplar" {flame, Fragile +Fly rF+ Dex+4} (You took it off a spriggan rider on level 3 of the Swamp)
 29650 | Swamp:3  | Noticed Aizul
 29662 | Swamp:3  | Reached XP level 16. HP: 113/138 MP: 26/26
 29747 | Swamp:3  | Noticed Aizul
 29747 | Swamp:3  | Aizul changed into Aizul the emperor scorpion
 30067 | Swamp:3  | Received a gift from Nemelex Xobeh
 30220 | Swamp:4  | Entered Level 4 of the Swamp
 30236 | Swamp:4  | Reached skill level 5 in Shields
 30319 | Swamp:4  | Killed Aizul the emperor scorpion
 30503 | Swamp:4  | Noticed a thorn hunter
 30561 | Swamp:4  | Killed a thorn hunter
 31382 | Swamp:4  | Reached skill level 1 in Long Blades
 31394 | Swamp:4  | Got a decaying rune of Zot
 32299 | Swamp:4  | Received a gift from Nemelex Xobeh
 32495 | Snake:1  | Entered Level 1 of the Snake Pit
 32651 | Snake:1  | Reached skill level 5 in Long Blades
 33704 | Snake:1  | Found a deep blue altar of Sif Muna.
 33712 | Snake:1  | Received a gift from Nemelex Xobeh
 34727 | Snake:1  | Noticed a nagaraja
 34732 | Snake:1  | Killed a nagaraja
 34877 | Snake:2  | Noticed a nagaraja
 34931 | Snake:2  | Reached XP level 17. HP: 114/144 MP: 28/28
 34981 | Snake:2  | Noticed Nikola
 35001 | Snake:2  | Noticed Nikola
 35001 | Snake:2  | Nikola changed into Nikola the shadow dragon
 35008 | Snake:2  | Killed Nikola the shadow dragon
 35417 | Snake:2  | Reached skill level 10 in Long Blades
 35490 | Snake:2  | Received a gift from Nemelex Xobeh
 37335 | Snake:1  | Upgraded the game from 0.20-b1 to 0.21-a0-1-gaf3b9a5
 38213 | Snake:3  | Got a pair of polished gloves
 38224 | Snake:3  | Identified the +2 pair of gloves of Qazlal's Approval {rN+} (You found it on level 3 of the Snake Pit)
 38323 | Snake:3  | Received a gift from Nemelex Xobeh
 38338 | Snake:3  | Noticed Agnes
 38356 | Snake:2  | Noticed Agnes
 38356 | Snake:2  | Agnes changed into Agnes the slime creature
 38361 | Snake:2  | Killed Agnes the slime creature
 40634 | Snake:3  | Received a gift from Nemelex Xobeh
 41637 | Snake:4  | Entered Level 4 of the Snake Pit
 41651 | Snake:4  | Received a gift from Nemelex Xobeh
 42774 | Snake:3  | Reached XP level 18. HP: 151/151 MP: 29/29
 43315 | Snake:4  | Reached skill level 10 in Shields
 46070 | Snake:4  | Reached skill level 15 in Long Blades
 46701 | Snake:4  | Received a gift from Nemelex Xobeh
 46929 | Snake:4  | Got a serpentine rune of Zot
 47411 | D:11     | Received a gift from Nemelex Xobeh
 47561 | D:11     | Identified a scroll of acquirement
 47707 | D:11     | Noticed Erica
 47711 | D:11     | Killed Erica
 48029 | D:11     | Received a gift from Nemelex Xobeh
 48210 | D:12     | Identified Istraweo's Handbook of the Rocks
 48259 | D:12     | Reached skill level 1 in Transmutations
 48701 | D:12     | Received a gift from Nemelex Xobeh
 49106 | D:13     | Noticed Snorg
 49127 | D:13     | Killed Snorg
 49800 | D:13     | Received a gift from Nemelex Xobeh
 50020 | D:14     | Reached skill level 5 in Transmutations
 50200 | D:14     | Received a gift from Nemelex Xobeh
 50725 | D:14     | Found a gate to the Vaults.
 50763 | D:14     | Received a gift from Nemelex Xobeh
 50898 | D:14     | Reached XP level 19. HP: 75/157 MP: 20/30
 51402 | D:15     | Entered Level 15 of the Dungeon
 51464 | D:15     | Noticed Nessos
 51480 | D:15     | Killed Nessos
 51963 | D:15     | Received a gift from Nemelex Xobeh
 52109 | D:15     | Found a staircase to the Depths.
 52275 | Vaults:1 | Entered Level 1 of the Vaults
 52757 | Vaults:1 | HP: 4/157 [hornet[the player character] (4)]
 52758 | Vaults:1 | Killed from afar by a soul eater

Vault maps used:
D:1:      minmay_arrival_glassed_features
D:2:      first_bread, amethyst_killhole, minmay_misc_feat_cross
D:3:      cheibrodos_helix_gallery, gammafunk_temple_overflow_arena,
          lemuel_crystal_altar, chequers_ecumenical_altar_island
D:4:      old_standard_altar
D:5:      cheibrodos_barr_body, kennysheep_vampire_church, temple_pool_b
D:6:      grunt_gozag_statues, kennysheep_generic_room_8,
          uniq_crazy_yiuf_cottage, uniq_grinder
D:7:      lemuel_coloured_pillars_altar, serial_shops,
          nicolae_shop_behind_doors, kennysheep_decorative_pillar,
          grunt_ogre_cave, nicolae_tso_carved_into_rock, uniq_prince_ribbit1
D:8:      nicolae_dithmenos_shadow_blocks, lair_entry_dummy, special_room,
          serial_shops, shop_fountains, guppyfry_shop_venom, uniq_grum,
          uniq_maurice, uniq_joseph, uniq_pikel
D:9:      uniq_gastronok
D:10:     minmay_orc_entry_temple_small, bloody_trog, uniq_josephine, uniq_sonja
D:11:     uniq_erica
D:12:     hangedman_cracks_in_the_wall
D:13:     hangedman_decor_push, uniq_snorg
D:14:     erik_vaults_1, kennysheep_small_circle
D:15:     grunt_enter_depths_hoard, uniq_nessos
Temple:   eino_temple_water
Lair:1:   grunt_megastairs_1, minmay_lair_oklob_chamber, serial_bayou_shore_b,
          infiniplex_staircase_pool_2
Lair:2:   grunt_forest_large_clearing_hut
Lair:3:   minmay_swamp_entry_worms, serial_bayou_pond_d, uniq_urug
Lair:4:   dummy_snake_entry, portal_ice_cave_demonic_guard
Lair:5:   grunt_forest_large_clearings
Lair:6:   minmay_lair_end_enchanted_forest, slime_altar_2, basic_altar
Swamp:1:  evilmike_swamp_ruin_house_4
Swamp:2:  evilmike_swamp_ruin_rubble_1, infiniplex_staircase_pool
Swamp:3:  nicolae_swamp_very_dense_foliage, swamp_pool1,
          nicolae_swamp_oklob_treasure_island, uniq_aizul
Swamp:4:  grunt_swamp_rune_castle
Snake:1:  nicolae_snake_nest, basic_altar
Snake:2:  grunt_megastairs_4, uniq_nikola
Snake:3:  uniq_agnes
Snake:4:  snake_pit
Orc:1:    serial_shops, shop, uniq_nergalle
Orc:2:    grunt_orc_gardens, grunt_orc_garden, grunt_orc_garden,
          grunt_orc_garden, grunt_orc_garden
Vaults:1: vaults_room_stairs_pillars, nicolae_vaults_puzzle_piece,
          nicolae_vaults_three_branches, vaults_room_grunt_arrival_ludios,
          hangedman_vaults_stitches, v_rooms_4, hangedman_vaults_corner_blocks,
          v_pattern_2, st_cross, vaults_room_door_ring,
          nicolae_vaults_rhombus_5, nicolae_vaults_little_squares_5,
          vaults_dpeg_encased_lava, nicolae_vaults_specimen_jars,
          nicolae_vaults_little_squares_3, uniq_saint_roka

Skill      XL: |  1  2  3  4  5  6  7  8  9 10 11 12 13 14 15 16 17 18 19 |
---------------+----------------------------------------------------------+-----
Polearms       | 5 6 7 8 10 11 13 15 16 | 16.1
Invocations    | 2 5 8 10 11 | 11.0
Fighting       | 5 9 12 13 14 15 16 | 16.1
Dodging        | 6 11 14 15 | 15.7
Armour         | 3 6 |  6.0
Hexes          | 2 6 8 |  8.0
Spellcasting   | 2 6 7 |  7.3
Shields        | 4 7 9 11 12 | 12.4
Long Blades    | 9 13 15 | 15.8
Transmutations | 6 9 |  9.2
Throwing       | |  2.1

Action                   |  1- 3 |  4- 6 |  7- 9 | 10-12 | 13-15 | 16-18 | 19-21 || total
-------------------------+-------+-------+-------+-------+-------+-------+-------++-------
Melee: Trident           |   132 |    97 |   414 |       |   210 |    12 |       ||   865
       Tailslap          |     2 |       |       |       |    48 |    28 |       ||    78
       Halberd           |       |       |    48 |   604 |  1373 |   516 |       ||  2541
       Double sword      |       |       |       |       |       |  1342 |   214 ||  1556
       Long sword        |       |       |       |       |       |   100 |       ||   100
Throw: Javelin           |     5 |       |     2 |       |       |       |       ||     7
       Throwing net      |       |       |       |     2 |     4 |     6 |       ||    12
 Cast: Confuse           |       |       |       |       |    12 |    17 |       ||    29
Invok: Deal Four         |       |       |       |       |       |     6 |     3 ||     9
Evoke: Deck              |       |       |     6 |    18 |    44 |    56 |     8 ||   132
  Use: Potion            |       |     1 |       |       |     2 |    16 |     4 ||    23
       Scroll            |       |     8 |       |       |    12 |    23 |     2 ||    45
 Stab: Sleeping          |       |     1 |     1 |     1 |       |     3 |       ||     6
       Held in net/web   |       |       |       |     1 |     1 |     3 |       ||     5
       Distracted        |       |       |       |       |     6 |    13 |     1 ||    20
       Confused          |       |       |       |       |     6 |     5 |       ||    11
  Eat: Chunk             |     2 |     3 |     6 |    25 |    52 |    40 |     7 ||   135
       Royal jelly       |       |     1 |       |       |       |     3 |       ||     4
       Meat ration       |       |       |     2 |     1 |       |     3 |     1 ||     7
       Fruit             |       |       |       |       |       |    14 |       ||    14
Armor: Leather armour    |    28 |     7 |    59 |     4 |   129 |       |       ||   227
       Ring mail         |       |       |       |   113 |    52 |       |       ||   165
       Swamp dragon scal |       |       |       |       |    66 |   371 |    48 ||   485
Dodge: Dodged            |    58 |    45 |   152 |   319 |  1033 |  1244 |   127 ||  2978
Block: Buckler           |       |       |       |       |    34 |    76 |       ||   110
       Shield            |       |       |       |       |       |   623 |   153 ||   776
       Rpst.: Double sword |       |       |       |       |       |   124 |    24 ||   148
       Long sword        |       |       |       |       |       |    19 |       ||    19
